[Event "34th GER-ch Seniors-65 2022"]
[Site "Magdeburg"]
[Date "2022.08.13"]
[Round "2.11"]
[White "Schirmer, Werner"]
[Black "Gruzmann, Boris"]
[Result "0-1"]
[ECO "C72"]
[WhiteElo "1947"]
[BlackElo "2173"]
[Annotator "TA"]
[PlyCount "80"]
[EventDate "2022.08.12"]
[EventType "swiss"]
[EventCountry "GER"]
[SourceTitle "playchess.com"]
[Source "ChessBase"]
[SourceQuality "1"]
[TimeControl "40/5400+30:1800+30"]

1. e4 e5 2. Nf3 Nc6 3. Bb5 a6 4. Ba4 d6 5. O-O Bg4 6. h3 h5 7. Bxc6+ bxc6 8. c3 {[%emt 0:00:29] [#] C72: Ruy Lopez: Deferred Steinitz: 5 0-0.} (8. hxg4 hxg4 9. Re1 gxf3 10. Qxf3 Qh4 $15) ({Better is} 8. d4 $14) 8... Qf6 $1 $11 9. d4 (9. hxg4 hxg4 10. Re1 (10. Qa4 {gets mated.} Qh6) 10... Rb8 $15) 9... Ne7 $2 {[%emt 0:10:08] [#]} 10. Qd3 $146 (10. hxg4 $18 hxg4 11. dxe5) ({Predecessor:} 10. dxe5 dxe5 11. hxg4 hxg4 12. Ng5 Qh6 13. f3 Nf5 14. Kf2 Bc5+ 15. Ke2 Ng3+ 16. Ke1 Qh4 17. Qb3 Nxf1+ 18. Kxf1 Qf2# {0-1 (18) Svane,F (2438)-Eugene,F (2343) Chess.com INT 2021}) 10... Bxf3 $15 11. Qxf3 Qxf3 12. gxf3 Ng6 13. Be3 Be7 14. Nd2 O-O 15. Kh1 Rab8 16. b3 Bf6 (16... f5 $15 17. Rg1 Kh7 18. dxe5 Nxe5) 17. Rg1 exd4 18. cxd4 c5 $1 19. e5 $1 cxd4 (19... dxe5 {is interesting.} 20. dxe5 Bxe5 21. Rac1 Bd4) 20. exf6 dxe3 21. fxg7 {[%emt 0:01:52] [#]} (21. fxe3 $11 Rfe8 22. e4) 21... Kxg7 ({Black should play} 21... Rfe8 $1 $17 22. Ne4 exf2) 22. fxe3 $11 Rfe8 23. Ne4 d5 24. Ng3 h4 25. Nh5+ Kh8 26. e4 Rb6 27. Rg5 ({Not} 27. exd5 $2 Re5 28. Ng3 (28. d6 $2 Rxd6 29. Rac1 Rxh5 $19) 28... hxg3 29. Rxg3 Rxd5 $19) 27... dxe4 28. fxe4 Rxe4 29. Rf1 Re5 30. Rxe5 Nxe5 {[%emt 0:00:09][%mdl 4096] Endgame KRN-KRN} 31. Rf4 Rb5 {[%emt 0:08:47] ...Ng6 is the strong threat.} 32. Nf6 Ng6 33. Rd4 (33. Ra4 $11) 33... Rc5 $17 34. Rd7 Ne5 35. Rd8+ (35. Re7 $11) 35... Kg7 36. Nh5+ (36. Ne4 $17 {was worth a try.} Rc1+ 37. Kg2) 36... Kg6 $19 37. Nf4+ Kf5 38. Ne2 (38. Nd3 {was called for.} Nxd3 39. Rxd3) 38... Ke4 {[%emt 0:02:00] Strongly threatening ...Rc2.} 39. Rh8 Ke3 40. Ng1 Rc1 {[%emt 0:01:46] Weighted Error Value: White=0.50/Black=0.25 (precise)} 0-1

[Event "34th GER-ch Seniors-65 2022"]
[Site "Magdeburg"]
[Date "2022.08.13"]
[Round "2.12"]
[White "Namyslo, Holger"]
[Black "Zimmermann, Manfred"]
[Result "1-0"]
[ECO "B46"]
[WhiteElo "2168"]
[BlackElo "1933"]
[Annotator "RC"]
[PlyCount "101"]
[EventDate "2022.08.12"]
[EventType "swiss"]
[EventCountry "GER"]
[SourceTitle "playchess.com"]
[Source "ChessBase"]
[SourceQuality "1"]
[TimeControl "40/5400+30:1800+30"]

1. e4 c5 2. Nf3 a6 3. Nc3 e6 4. d4 cxd4 5. Nxd4 Nc6 6. Be2 Nge7 7. O-O Ng6 8. Be3 Be7 9. Kh1 O-O 10. f4 f6 11. Bh5 Nxd4 12. Qxd4 f5 13. Rad1 fxe4 14. Bxg6 hxg6 15. Qxe4 Qe8 16. Bb6 d5 17. Qd3 Qf7 18. Rde1 Bd7 19. Rf3 Bd6 20. Bd4 Qf5 21. Qe2 Rac8 22. Be5 Bc5 23. Rg3 Be7 24. Rf3 Bc6 25. Bd4 Bd7 26. h3 Bd6 27. Be5 Bxe5 28. fxe5 Qg5 29. Ref1 Rf5 30. Rxf5 gxf5 31. Qf2 Rc4 32. Kh2 f4 33. Re1 Bc6 34. Re2 Qf5 35. a3 g5 36. Qb6 d4 37. Qd8+ Kg7 38. Nd1 Rxc2 39. Qf6+ Qxf6 40. exf6+ Kxf6 41. Rxc2 e5 42. Nf2 Ke6 43. b4 Kd6 44. g3 f3 45. h4 gxh4 46. gxh4 b6 47. Rxc6+ Kxc6 48. h5 Kd5 49. h6 e4 50. Kg3 e3 51. Kxf3 1-0

[Event "34th GER-ch Seniors-65 2022"]
[Site "Magdeburg"]
[Date "2022.08.14"]
[Round "3.1"]
[White "Boidman, Yuri"]
[Black "Matthey, Harald"]
[Result "1-0"]
[ECO "B06"]
[WhiteElo "2286"]
[BlackElo "2062"]
[Annotator "TA"]
[PlyCount "63"]
[EventDate "2022.08.12"]
[EventType "swiss"]
[EventCountry "GER"]
[SourceTitle "playchess.com"]
[Source "ChessBase"]
[SourceQuality "1"]
[TimeControl "40/5400+30:1800+30"]

1. e4 {[%emt 0:00:05] ChessBase II} d6 2. d4 Nf6 3. Nc3 a6 4. a4 g6 5. Bg5 h6 6. Be3 {[%emt 0:03:30] B06: Modern Defence.} Bg7 7. f3 c6 8. a5 {[%emt 0:02:25] White is slightly better.} Nbd7 9. Bc4 {[%emt 0:03:43] [#]} O-O $146 ({Predecessor:} 9... b5 10. axb6 d5 11. Bb3 Nxb6 12. Nge2 O-O 13. e5 Ne8 14. h4 Nc4 15. Bxc4 dxc4 {1-0 (51) Hort,V (2605)-Boey,J (2390) Ostend 1971 EXT 2018 [ChessBase II]}) 10. Qd2 e5 11. Nge2 {[%emt 0:06:44] White is more active.} (11. Bxh6 {[#]} Nxe4 $1 12. Nxe4 Qh4+ 13. g3 Qxh6 14. Nxd6 b5 15. axb6 Qxd2+ 16. Kxd2 Nxb6 $14) 11... exd4 12. Nxd4 ({But not} 12. Qxd4 $2 d5 13. e5 (13. exd5 $2 Nxd5 14. Qd2 Nxe3 $19) 13... Nxe5 14. Qxe5 Nh5 $19) (12. Bxd4 $16 Ne5 13. Bb3) 12... Ne5 $11 13. Bb3 c5 (13... d5 $1 $14) 14. Nde2 $16 Kh7 15. O-O Be6 16. Rfd1 c4 (16... Bxb3 $1 $14 17. cxb3 Nc6) 17. Bb6 $18 Qc8 18. Ba2 Ne8 19. Nf4 Nd7 20. Bd4 Be5 21. Nfd5 Nef6 22. Nxf6+ Nxf6 23. f4 Bxd4+ 24. Qxd4 Ne8 25. Nd5 Bxd5 26. Qxd5 ({Much less strong is} 26. exd5 $6 Ng7 $14) 26... c3 27. b4 Qc7 28. Rd3 Rc8 (28... Nf6 $142 29. Qd4 Qe7) 29. Rf1 b6 $2 (29... f6 {was worth a try.} 30. Rff3 Qe7) 30. f5 {[%emt 0:00:42][%cal Bf4f5,Bf5g6,Bg6f7][%mdl 32] [#] Hoping for fxg6+.} bxa5 31. fxg6+ Kg7 32. gxf7 {[%emt 0:01:08] Weighted Error Value: White=0.08 (flawless) /Black=0.48} 1-0

[Event "34th GER-ch Seniors-65 2022"]
[Site "Magdeburg"]
[Date "2022.08.14"]
[Round "3.3"]
[White "Syre, Christian"]
[Black "Cichy, Michael"]
[Result "1-0"]
[ECO "D03"]
[WhiteElo "2243"]
[BlackElo "2031"]
[Annotator "TA"]
[PlyCount "161"]
[EventDate "2022.08.12"]
[EventType "swiss"]
[EventCountry "GER"]
[SourceTitle "playchess.com"]
[Source "ChessBase"]
[SourceQuality "1"]
[TimeControl "40/5400+30:1800+30"]

1. d4 Nf6 2. Nf3 e6 3. Bg5 c5 4. e3 Qb6 5. Nbd2 d5 6. Rb1 Nc6 {[%emt 0:02:31][%cal Rc5d4] D03: 1 d4 d5 2 Nf3 Nf6 3 Bg5, including Torre Attack with early ...d5.} 7. c3 Qc7 8. Bd3 Bd7 {[%emt 0:03:40] White is slightly better.} 9. Qe2 cxd4 10. exd4 (10. Nxd4 Be7 $11) 10... Bd6 11. O-O Ng4 12. h3 h6 {[%emt 0:04:24] [#]} 13. Bh4 $146 ({Predecessor:} 13. Be3 Nxe3 14. Qxe3 O-O 15. a3 Rfe8 16. Rfe1 Bf4 17. Qe2 e5 18. dxe5 Nxe5 19. Nxe5 Rxe5 {½-½ (36) Tamzali,B (1915)-Douissa,O (2250) Hammamet 2019}) 13... Nh2 14. Rfe1 {[%emt 0:14:05] Black must now prevent Ne5.} Nxf3+ 15. Qxf3 g5 16. Bg3 (16. Qf6 {with more complications.} Rf8 17. Bg3 Bxg3 18. fxg3 Qxg3 19. Nf3) 16... Bxg3 $1 17. fxg3 O-O-O 18. b4 f5 (18... e5 $5 ) 19. b5 Na5 20. c4 dxc4 {[%emt 0:02:54] [#]} 21. Bxc4 Qd6 (21... Nxc4 22. Nxc4 Kb8 23. Rec1 $16) (21... Rhe8 $11 {is more appropriate.}) (21... Kb8 22. Bxe6) 22. Qf2 (22. Qc3 $14 Qc7 23. Qa3 $1) 22... Kb8 $11 23. Bf1 Bc8 24. Nf3 Rhf8 25. Red1 b6 26. Ne5 Bb7 27. Rd2 Bd5 28. Re1 Rc8 29. Qe3 (29. Be2 $11) 29... Rc7 $15 30. Qe2 (30. Be2 $15) 30... Rfc8 (30... Nc4 $1 $17 31. Nxc4 Rxc4) 31. Qh5 $1 $11 Qf8 32. Kh2 (32. Be2 $11) 32... Kb7 (32... Ka8 $15) 33. Be2 f4 $36 {[%emt 0:01:42][%mdl 2048] White is under pressure.} 34. g4 (34. Rf1 $1 $11) 34... f3 $1 $19 (34... Qa3 35. Bf3 $11) 35. Nxf3 Qf4+ 36. Kh1 Kb8 $2 (36... Nc4 $1 $19 37. Rc2 Ne3) 37. Rd3 $17 Rc1 (37... Be4 $15 38. Rdd1 Nc4 39. Qxh6 Ne3 40. Qxg5 Nxg2) 38. Rg1 Rxg1+ 39. Kxg1 $2 (39. Nxg1 $11 {and White is okay.} Nc4 40. Bf3) 39... Bc4 40. Rd2 (40. Qg6 $17 {is tougher.} Bxb5 41. Kf2 Bxd3 42. Bxd3) 40... Qe3+ $19 41. Kf1 {[%emt 0:30:18] [#]} Bxe2+ $2 (41... Bxb5 $1 $19 {[%mdl 512] ( -> ...Rc1+)} 42. Qf7 (42. Ne1 Rc1) 42... Rc1+ 43. Ne1 Qxd2 44. Qg8+ Kc7 45. Qf7+ Bd7) 42. Rxe2 $16 Rc1+ 43. Ne1 $1 (43. Re1 Nc4 44. Qe8+ Kc7 45. Qe7+ Kc8 46. Qe8+ Kb7 47. Qd7+ Kb8 48. Qe8+ Kb7 49. Qc6+ Kb8 50. Qe8+ $11) 43... Qxd4 (43... Qf4+ $16 44. Kg1 (44. Rf2 Rxe1+ 45. Kxe1 Qe3+ 46. Kf1 Qc1+ 47. Ke2 Qc2+ 48. Ke1 Qc1+ 49. Ke2 Qc2+ 50. Ke1 Qc1+ 51. Ke2 $11) 44... Qxd4+ 45. Kh1 Qb4 46. Qe8+ Rc8) 44. Qe8+ ({Less strong is} 44. Qf7 Nb7 $14) (44. Qxh6 $18 {is the precise move to win.} Qf4+ 45. Kg1) 44... Rc8 45. Qxe6 Nc4 46. Nf3 {[%emt 0:00:00] Inhibits Nd2+.} Qc5 47. a4 Rd8 48. Re4 Nd2+ 49. Nxd2 Qc1+ 50. Re1 Qxd2 $18 {[%emt 0:00:00][%mdl 4096] Endgame KQR-KQR} 51. Qe5+ ({But not} 51. Qxh6 $2 Qd4 52. h4 Rh8 53. hxg5 Qf4+ 54. Kg1 Rxh6 55. gxh6 Qxh6 $19) ({Better is} 51. Kg1 $1 $18) 51... Ka8 (51... Kc8 $16) 52. Qe4+ Kb8 53. Qe5+ Ka8 $1 54. Qe4+ Kb8 55. Kg1 $1 Qd4+ 56. Kh1 (56. Kh2 $1 $18 {and the rest is easy.}) 56... Qxe4 $16 57. Rxe4 {[%emt 0:00:00] Hoping for Re6. KR-KR} Rd1+ 58. Kh2 {[%emt 0:00:00] aiming for Re6.} Ra1 $2 (58... Kc7 $16) 59. Rc4 Ra3 {[%emt 0:01:29] [#]} 60. h4 $2 (60. Rc6 $1 $18 ) 60... Kb7 $2 (60... gxh4 $11 61. Rc6 Rg3) 61. h5 $18 a5 62. bxa6+ Kxa6 63. Rc6 Rxa4 64. Rxh6 Rxg4 65. g3 Rc4 66. Rg6 {[%emt 0:00:03] Threatens to win with Kh3.} g4 {[%emt 0:00:52] [#]} 67. h6 $1 Rc2+ 68. Kg1 Rc1+ 69. Kf2 Rh1 70. Ke3 {[%emt 0:00:00] White threatens Kf4 and mate.} Ka5 71. Kf4 b5 72. Kxg4 {[%emt 0:00:02] Strongly threatening Kg5.} Ka4 73. Ra6+ {[%emt 0:00:18] White mates.} Kb3 74. Kg5 b4 75. g4 Kc2 76. Kg6 b3 77. h7 b2 78. Rb6 b1=Q 79. Rxb1 Kxb1 80. g5 Kc2 81. Kg7 {[%emt 0:00:03] Weighted Error Value: White=0.61/Black=0.43} 1-0

[Event "34th GER-ch Seniors-65 2022"]
[Site "Magdeburg"]
[Date "2022.08.14"]
[Round "3.5"]
[White "Schulz, Michael"]
[Black "Neese, Hans-Joachim"]
[Result "1/2-1/2"]
[ECO "D00"]
[WhiteElo "2217"]
[BlackElo "2059"]
[Annotator "TA"]
[PlyCount "117"]
[EventDate "2022.08.12"]
[EventType "swiss"]
[EventCountry "GER"]
[SourceTitle "playchess.com"]
[Source "ChessBase"]
[SourceQuality "1"]
[TimeControl "40/5400+30:1800+30"]

1. d4 d5 2. Bg5 c5 3. Nc3 f6 4. Bh4 e6 5. e3 Nc6 {[%emt 0:00:49] [#]} 6. Bb5 $146 {[%emt 0:02:11] D00: 1 d4 d5: Unusual lines.} ({Predecessor:} 6. Nf3 Nh6 7. Bd3 c4 8. Be2 Bb4 9. a3 Ba5 10. g4 Nf7 11. Nd2 O-O 12. O-O {1-0 (37) Lorenzo de la Riva,L (2429)-Aranda Flores,J (2132) Barcelona 2022}) 6... Bd7 7. Nge2 Qb6 8. a4 a5 9. O-O Nge7 (9... O-O-O $11 {remains equal.}) 10. dxc5 $1 $16 Qxc5 11. Nd4 (11. f4 $1 $16) 11... Rd8 (11... Qb6 $14) 12. Bg3 (12. Qh5+ $1 $16 Ng6 13. Bg3) 12... e5 $2 (12... Qb6 $11 {and Black stays safe.}) 13. Nb3 $18 Qd6 (13... Qb6 $16 {keeps fighting.}) 14. Ne4 $2 (14. f4 $18) 14... Qc7 $16 15. Nec5 (15. Qh5+ $1 $16 Ng6 16. Nc3) 15... Bc8 $1 $11 16. Nd4 Rd6 (16... Kf7 $1 $15 17. Qd2 h5) 17. Re1 ({Better is} 17. c4 $1 $14) 17... Kf7 (17... h5 $15 18. h3 Kf7) 18. Nf3 {[%emt 0:05:04] White is much more active. The black rooks are badly placed.} (18. c4 $1 $14) 18... Nf5 $15 19. Bxc6 (19. c4 $15 Na7 20. Bxe5 fxe5 21. Nxe5+ Kg8 22. Ncd3) 19... Qxc6 $17 20. Nd3 {[%emt 0:02:57] [#]} Qe8 (20... Kg8 $1 $17 21. Nd2 h5) 21. e4 (21. Ndxe5+ $1 $11 fxe5 22. Bxe5) 21... Nxg3 22. hxg3 d4 23. Nh4 g6 24. f4 Kg7 25. Qd2 b6 26. fxe5 fxe5 27. Qg5 (27. b4 $1 $14 {is superior.}) 27... Re6 $11 28. Nf5+ Kg8 29. Nh6+ Bxh6 30. Qxh6 Qf8 {[%emt 0:00:24] Inhibits b4.} 31. Qg5 Qe7 32. Qh6 Qf8 33. Qh4 Qe7 34. Qh6 Qf8 35. Qd2 Qe7 36. Rf1 Kg7 37. Rf3 Rf8 38. Raf1 Rxf3 39. Rxf3 Bb7 40. Nf2 Bc6 41. b3 Qb7 42. Ng4 {[%emt 0:01:35] White threatens Qh6+ and mate.} Qe7 43. Nh6 Be8 {[%emt 0:00:00] Against Rf7+} 44. g4 ({Of course not} 44. Ng4 g5 45. Nf2 Rc6 $15) 44... Qh4 $2 {[%emt 0:00:00][%mdl 8192] [#]} (44... Qc5 $11 {and Black has nothing to worry.} 45. Kf1 Rf6) 45. Rh3 $2 ({White has to play} 45. g5 $1 $18 {Black must now prevent g3.} Re7 46. g3) 45... Qf6 {[%emt 0:00:00] The position is equal.} 46. g5 Qf4 47. Qxf4 exf4 {[%emt 0:00:00][%mdl 4096] Endgame KRB-KRN} 48. Ng4 {[%emt 0:00:00] Inhibits Re5.} Bc6 49. Nf6 h5 {[%emt 0:00:00] Threatens to win with ...Re5.} 50. gxh6+ Kh8 (50... Kxf6 51. h7 Re8 52. h8=Q+ Rxh8 53. Rxh8 $14) 51. e5 Rxe5 {[%emt 0:00:00] aiming for ...Re6.} 52. Rd3 $1 Re6 (52... Rf5 $5 53. Ng4 Rg5 $11) 53. Ng4 Re2 54. Nf6 Re6 (54... Bxg2 $2 55. Rxd4 Bc6 56. Rd6 $18) 55. Ng4 Re2 56. Nf2 Kh7 57. Rxd4 Rxc2 58. Rxf4 {[%emt 0:00:00] Ng4 is the strong threat.} Kxh6 59. Rf6 {[%emt 0:13:26] Weighted Error Value: White=0.32/Black=0.37} ({White should play} 59. b4 $11) 1/2-1/2

[Event "34th GER-ch Seniors-65 2022"]
[Site "Magdeburg"]
[Date "2022.08.14"]
[Round "3.6"]
[White "Vatter, Hans-Joachim"]
[Black "Westermann, Johannes"]
[Result "1-0"]
[ECO "C58"]
[WhiteElo "2186"]
[BlackElo "2056"]
[Annotator "TA"]
[PlyCount "49"]
[EventDate "2022.08.12"]
[EventType "swiss"]
[EventCountry "GER"]
[SourceTitle "playchess.com"]
[Source "ChessBase"]
[SourceQuality "1"]
[TimeControl "40/5400+30:1800+30"]

1. e4 e5 2. Nf3 Nc6 3. Bc4 Nf6 4. Ng5 d5 5. exd5 Na5 6. Bb5+ c6 7. dxc6 bxc6 8. Bd3 $1 {[%emt 0:00:13][%mdl 4] outshines the older 8.Be2.} Bg4 {[%emt 0:10:05] C58: Two Knights: 4 Ng5 d5 5 exd5 Na5 sidelines.} 9. f3 (9. Be2 $5 h6 10. Bxg4 hxg5 11. d3 $14) 9... Bh5 {[%emt 0:06:11] [#]} (9... Bc8 $14 {deserves consideration.}) 10. Nc3 $146 ({Predecessor:} 10. O-O Bc5+ 11. Kh1 Bb6 12. Nc3 O-O 13. Nge4 Nd5 14. Nxd5 cxd5 15. Ng3 Bg6 16. Bxg6 hxg6 {1-0 (64) Vekua,T-Byk,A Minsk 2019}) 10... Bc5 {[%emt 0:05:41] White is better.} 11. Nge4 Bb6 12. Nxf6+ Qxf6 13. Qe2 O-O 14. Ne4 ({Much weaker is} 14. Qe4 $6 Bg6 15. Qe2 Bxd3 16. Qxd3 Rad8 $11) 14... Qh4+ 15. g3 Qe7 {[%emt 0:00:07] [#] ...f5 is the strong threat.} 16. g4 Bg6 17. Ng3 (17. h4 $16) 17... Qh4 (17... Bxd3 $11 {keeps the balance.} 18. Qxd3 Nb7) 18. b3 Bxd3 19. Qxd3 e4 20. fxe4 ({Don't blunder} 20. Qxe4 $2 Rfe8 21. Ba3 Rxe4+ 22. fxe4 Qf6 $19) 20... Bf2+ $2 {[%emt 0:07:09] [#] This costs Black the game.} (20... Qxg4 $16 21. Qe2 Qxe2+ 22. Kxe2 Nb7) 21. Kxf2 $18 Qf6+ 22. Kg2 Qxa1 23. Ba3 $1 Qxa2 (23... Qe5 24. Bxf8 Kxf8) 24. Bxf8 Rxf8 25. Qc3 {[%emt 0:00:14] Prevents Qb2.  Weighted Error Value: White=0.16 (very precise) /Black=0.59} 1-0

[Event "34th GER-ch Seniors-65 2022"]
[Site "Magdeburg"]
[Date "2022.08.14"]
[Round "3.7"]
[White "Kuhn, Gerd"]
[Black "Koehler, Gerhard"]
[Result "1-0"]
[ECO "A45"]
[WhiteElo "2049"]
[BlackElo "2184"]
[Annotator "TA"]
[PlyCount "69"]
[EventDate "2022.08.12"]
[EventType "swiss"]
[EventCountry "GER"]
[SourceTitle "playchess.com"]
[Source "ChessBase"]
[SourceQuality "1"]
[TimeControl "40/5400+30:1800+30"]

1. d4 Nf6 2. Bg5 c5 3. d5 Qb6 4. Nc3 Qxb2 5. Bd2 Qb6 6. e4 d6 7. f4 e6 {[%emt 0:06:53] 7...g6 gains popularity.} 8. Bc4 {[%emt 0:12:29] A45: Trompowsky Attack.} exd5 9. Nxd5 Nxd5 10. Bxd5 {[%emt 0:00:52] Black is slightly better.} Be7 11. Nf3 Nc6 12. Bc3 (12. O-O $11) 12... O-O 13. O-O {[%emt 0:04:09] [#]} Qc7 $146 (13... Nb4 $1 $15) ({Predecessor:} 13... Qd8 14. Rb1 Bf6 15. e5 dxe5 16. fxe5 Be7 17. a3 Qc7 18. Qd3 Be6 19. Bxe6 fxe6 {0-1 (41) Stefanova,A (2492)-Munguntuul,B (2261) Sochi 2007}) 14. Qe1 $14 {[%emt 0:09:08] aiming for Qg3.} Bf6 (14... Nb4 $11 {keeps the balance.}) 15. Bxf6 $16 gxf6 16. Qh4 $40 {[%emt 0:05:24][%cal Of3g5][%mdl 128] And now Ng5! would win. White has strong attack. White is more active.} Nb4 $2 {[%emt 0:03:10][%mdl 8192] [#] This move loses the game for Black.} (16... Kg7 $16 17. f5 Qe7) 17. Ng5 $1 $18 fxg5 (17... Rd8 18. Bxf7+) 18. Qxg5+ Kh8 19. Qf6+ Kg8 20. Rf3 Re8 21. Rg3+ (21. Qh6 $142 Qd7 22. f5 Qxf5 23. exf5 Bxf5 24. Rxf5 Re6 25. Bxe6 fxe6 26. Qxe6+ Kh8 27. Qf6+ Kg8 28. Rg5#) 21... Kf8 22. Re1 {[%emt 0:14:29] Threatens to win with Qh6+.} Be6 23. Bxe6 (23. f5 $142 Bc8 24. Qh6+ Ke7 {[#]} 25. Bxf7 $1 ) 23... Rxe6 24. Qh8+ {[%emt 0:00:09][%mdl 64] Skewer, Double Attack} Ke7 25. Qxa8 Nxc2 (25... Qd8 $142 26. Qxa7 Kf8) 26. Rb1 b6 27. f5 Re5 28. Rg8 (28. f6+ $142 Kxf6 29. Rf1+ Ke6 30. Rg8 f5 31. exf5+ Kd7 32. f6 Ke6 33. Rg7) 28... Kf6 29. g4 {[%emt 0:00:54] Intending g5+ and mate.} h6 {[%emt 0:00:18] Inhibits g5+.} 30. h4 {[%emt 0:00:35][%cal Bh2h4,Bh4g5][%mdl 32] White wants to mate with g5+.} d5 31. g5+ hxg5 32. hxg5+ Ke7 33. Qf8+ (33. g6 $142 Kf6 34. gxf7 Qxf7 35. Rf8 dxe4 36. Rxf7+ Kxf7 37. Qxa7+ Kf6 38. Qxb6+ Ke7 39. Qc7+ Kf6 40. Qd6+ Kg5 41. Qg6+ Kf4 42. Rf1+ Ke3 43. Qg3+ Kd2 44. Rf2+ Kc1 45. Qb3 Ne1 46. Qe3+ Kd1 47. Qd2#) 33... Kd7 34. Qxf7+ Kc6 35. Qf6+ {[%emt 0:01:24] Weighted Error Value: White=0.74/Black=1.47} 1-0

[Event "34th GER-ch Seniors-65 2022"]
[Site "Magdeburg"]
[Date "2022.08.14"]
[Round "3.8"]
[White "Gruzmann, Boris"]
[Black "Gries, Volker"]
[Result "1/2-1/2"]
[ECO "C42"]
[WhiteElo "2173"]
[BlackElo "2050"]
[Annotator "TA"]
[PlyCount "113"]
[EventDate "2022.08.12"]
[EventType "swiss"]
[EventCountry "GER"]
[SourceTitle "playchess.com"]
[Source "ChessBase"]
[SourceQuality "1"]
[TimeControl "40/5400+30:1800+30"]

1. e4 e5 2. Nf3 Nf6 3. Nxe5 d6 4. Nf3 Nxe4 5. Nc3 Nf6 6. d4 Be7 7. Bd3 O-O 8. h3 {[%emt 0:05:05] 8.0-0 is the modern continuation. C42: Petroff Defence: 3 Nxe5 and unusual White 3rd moves.} d5 9. O-O h6 10. Ne5 {[%emt 0:03:29] White is slightly better.} c5 11. dxc5 Bxc5 12. Bf4 Nc6 {[%emt 0:00:20] [#]} 13. a3 $146 ({Predecessor:} 13. Nxc6 bxc6 14. Qf3 Bd6 15. Rad1 {½-½ (14) Kabos,T (2273)-Saiboulatov,D (2373) Belgium 2017}) 13... Re8 14. Nxc6 bxc6 15. Qf3 Bd6 16. Rfe1 Bxf4 17. Qxf4 Bd7 18. Na4 Qa5 19. Qb4 Qc7 20. Nc5 Be6 21. Re2 Nd7 (21... a5 $11 {remains equal.} 22. Qd4 Nd7) 22. Na6 ({Better is} 22. Nxe6 $16 fxe6 23. Bg6) 22... Qd8 $14 23. Qd6 Rc8 {[%emt 0:00:20] Prevents Nc7.} 24. Rae1 Nf8 (24... c5 {seems wilder.} 25. b4 cxb4 26. axb4 Qb6) 25. Qxd8 Rexd8 (25... Rcxd8 $14 26. Nc5 Bd7) 26. Nc5 $16 g5 27. h4 Kg7 28. hxg5 hxg5 29. f3 Rc7 30. g3 Rd6 31. Kf2 Kf6 32. Rh1 Bf5 33. Rh6+ (33. Bxf5 $16 Kxf5 34. Re8) 33... Ng6 (33... Bg6 $1 $11) 34. Bxf5 Kxf5 35. Re8 {[%emt 0:00:40] Inhibits Rd8.} Kf6 36. Ke3 {[%emt 0:01:23] 0x0.0024dd944e23dp-1022s more active pieces.} (36. Rg8 $16) 36... Re7+ $11 37. Rxe7 Kxe7 {[%emt 0:00:02][%mdl 4096] Endgame KRN-KRN} 38. Kd4 {[%emt 0:00:21] Against Ne5} (38. Rh5 $5 ) 38... Rf6 39. Ke3 Ne5 40. Rxf6 Nc4+ 41. Kd4 Kxf6 {[%emt 0:31:15] KN-KN} 42. Nd3 {[%emt 0:01:42] Threatens to win with Kc5.} Nd2 43. Kc5 (43. f4 $5 ) 43... Nxf3 44. Kxc6 Nd4+ $2 {[%emt 0:11:33] [#]} (44... Ke6 $11) 45. Kb7 $1 $18 ({Not} 45. Kxd5 Nxc2 46. Ke4 Na1 $14) 45... Nxc2 $2 (45... Ke6) 46. Kxa7 Kf5 {[%emt 0:00:00] [#]} 47. a4 $2 (47. Nf2 $1 $18) 47... Ke4 $11 48. Nc5+ Kd4 $2 (48... Ke3 $1 $11 {and Black has nothing to worry.}) 49. Kb6 $18 Kc4 50. a5 Nb4 51. b3+ {[%emt 0:00:00] The position is equal.} Kc3 $1 52. a6 Nxa6 53. Kxa6 {[%emt 0:00:00] Black must now prevent g4.} f5 {[%emt 0:00:00] aiming for ...f4.} 54. Ne6 {[%emt 0:04:23] Prevents f4.} f4 55. gxf4 gxf4 {[%emt 0:00:00] ...f3 is the strong threat.} 56. Nxf4 Kxb3 57. Nxd5 {[%emt 0:03:21] Weighted Error Value: White=0.20 (precise) /Black=0.29 (precise)} 1/2-1/2

[Event "34th GER-ch Seniors-65 2022"]
[Site "Magdeburg"]
[Date "2022.08.14"]
[Round "3.9"]
[White "Blab, Ludwig"]
[Black "Namyslo, Holger"]
[Result "1/2-1/2"]
[ECO "D35"]
[WhiteElo "2033"]
[BlackElo "2168"]
[Annotator "TA"]
[PlyCount "94"]
[EventDate "2022.08.12"]
[EventType "swiss"]
[EventCountry "GER"]
[SourceTitle "playchess.com"]
[Source "ChessBase"]
[SourceQuality "1"]
[TimeControl "40/5400+30:1800+30"]

1. c4 e6 2. d4 d5 3. Nc3 c6 4. Nf3 Nf6 5. cxd5 exd5 6. Bg5 Be7 7. e3 Bf5 8. Bd3 Ne4 ({Better is} 8... Bxd3 $11 9. Qxd3 Nbd7) 9. Bxe7 {[%emt 0:01:54] D35: Queen's Gambit Declined: Exchange Variation.} (9. Bf4 $14 {feels stronger.}) 9... Qxe7 $11 10. Qc2 Nd7 11. Nd2 Ndf6 {[%emt 0:00:56][%cal Oe4f2] [#]} 12. Nb3 $146 ({Predecessor:} 12. O-O O-O 13. Rfe1 Rfe8 14. f3 Nxd2 15. Qxd2 Bxd3 16. Qxd3 Rad8 17. a3 Rd6 18. Re2 {½-½ (43) Bayramov,Z (2333)-Ten Hertog,H (2503) Lisbon 2020}) 12... Bg6 13. O-O O-O 14. Rae1 Rfe8 15. f3 Nxc3 16. bxc3 Bxd3 17. Qxd3 Qa3 18. c4 Qa6 (18... Qxa2 $2 19. Ra1 Qb2 20. Rfb1 dxc4 21. Qxc4 $18) 19. Nd2 (19. Nc5 $1 $14 Qxa2 20. Ra1 (20. cxd5 b6 $15)) 19... Rad8 (19... Qxa2 $2 20. Ra1 Rxe3 21. Qxe3 $18 (21. Rxa2 $2 {loses.} Rxd3 22. Rb1 b6 $19)) 20. Qb3 Qa5 21. Qd3 dxc4 (21... Qxa2 $2 22. Ra1 Qb2 23. Rfb1 Qxa1 24. Rxa1 $18) 22. Nxc4 Qd5 (22... Qxa2 $2 23. Ra1 Qxa1 24. Rxa1 $18) 23. Qc2 c5 24. Rd1 cxd4 (24... Qg5 {is interesting.} 25. f4 Qh5 26. Ne5 cxd4 27. Rxd4 Ng4) 25. Rxd4 Qc5 26. Qd3 Rxd4 (26... Rd5 {is more complex.} 27. Rd1 Red8 28. Kf2 Rxd4 29. exd4 Qc7) 27. Qxd4 Qxd4 28. exd4 {[%emt 0:00:15][%mdl 4096] Endgame KRN-KRN} Rd8 29. Rd1 Nd5 30. Kf2 f6 31. Ne3 Kf7 32. Rc1 Ke6 33. Nxd5 Rxd5 {[%emt 0:00:08] KR-KR} 34. Ke3 Rd7 35. Ke4 f5+ 36. Kd3 Kd6 37. g3 Rc7 38. Re1 g6 39. f4 b5 40. Re8 b4 {[%emt 0:07:10] Threatens to win with ...Rc3+.} 41. Rd8+ Ke7 42. Ra8 Rc3+ 43. Kd2 Ra3 {[%emt 0:00:05] [#] aiming for ...a5.} 44. Kc2 Ke6 45. Kb2 {[%emt 0:00:50] The position is equal.} h6 46. Rb8 a5 47. Rb6+ Kf7 {[%emt 0:05:57] A rather calm draw.  Weighted Error Value: White=0.06 (flawless) /Black=0.07 (flawless)} 1/2-1/2